 Dungeon Crawl Stone Soup version 0.20.0-8-g6b59dc7 (webtiles) character file.

25929 Darkell the Impaler (level 13, -15/102 (103) HPs)
             Began as a Merfolk Gladiator on May 29, 2017.
             Was an Elder of Qazlal.
             Demolished by Beldrama's ghost (44 damage)
             ... on level 6 of the Lair of Beasts.
             The game lasted 00:32:41 (15537 turns).

Darkell the Impaler (Merfolk Gladiator)            Turns: 15537, Time: 00:32:41

HP:   -15/102 (103) AC: -19   Str: 19    XL:     13   Next: 22%
MP:   13/19         EV: 21    Int:  7    God:    Qazlal [****..]
Gold: 849           SH: 15    Dex: 18    Spells: 12/12 levels left

rFire    . . .     SeeInvis .   G - +3 trident
rCold    . . .     Gourm    .   g - +3 buckler
rNeg     . . .     Faith    .   j - +2 leather armour {rPois}
rPois    +         Spirit   .   (helmet restricted)
rElec    .         Reflect  .   h - +1 cloak {MR+}
rCorr    .         Harm     .   V - +0 pair of gloves
MR       +....                  (no boots)
Stlth    ++........             r - amulet of rage
Regen    0.7/turn               (no ring)
MPRegen  0.2/turn               I - +2 ring of evasion

@: about to teleport, corroded, very slightly contaminated, invisible, repel
missiles
A: change form in water, swift swim, stealthy swim, antennae 1, agile 1,
regeneration 1
a: Upheaval, Elemental Force, Renounce Religion, Evoke Berserk Rage


You were on level 6 of the Lair of Beasts.
You worshipped Qazlal.
Qazlal was greatly pleased with you.
You were hungry.

You visited 3 branches of the dungeon, and saw 17 of its levels.

You collected 849 gold pieces.

Inventory:

Hand Weapons
 a - a +0 trident
 k - a +0 bardiche
 G - a +3 trident (weapon)
 N - a +0 halberd
 T - the +7 whip "Ultimatum" {slash, *Rage rElec rPois rC++}
   (You found it on level 3 of the Lair of Beasts)

   It inflicts extra damage upon your enemies.
   It greatly protects you from cold.
   It insulates you from electricity.
   It protects you from poison.
   It may make you go berserk in combat.
Missiles
 d - 6 throwing nets (quivered)
Armour
 b - a +0 leather armour
 c - a +0 helmet
 g - a +3 buckler (worn)
 h - a +1 cloak of magic resistance (worn)
 j - a +2 leather armour of poison resistance (worn)
 B - a +0 large shield
 V - a +0 pair of gloves (worn)
 W - a cursed -1 robe
Jewellery
 m - an uncursed amulet of inaccuracy
 r - an amulet of rage (around neck)
 I - a +2 ring of evasion (right hand)
 Y - a cursed ring of protection from fire {unknown}
Wands
 t - a wand of paralysis (13/24)
 v - a wand of flame (29/48)
 F - a wand of confusion (22/48)
 H - a wand of flame (30/48)
 X - a wand of random effects (23/48)
 Z - a wand of random effects (23/48)
Scrolls
 n - 5 scrolls of enchant weapon
 o - a scroll of teleportation
 q - 3 scrolls of recharging {unknown}
 u - 2 scrolls of immolation
 x - 4 scrolls of remove curse
 y - 2 scrolls of amnesia
 z - 10 scrolls of identify
 A - 2 scrolls of enchant armour
 C - 2 scrolls of fear {unknown}
 E - 3 scrolls of fog
 L - a scroll of brand weapon {unknown}
 M - 3 scrolls of vulnerability {unknown}
 Q - 2 scrolls of noise {unknown}
 R - a scroll of acquirement {unknown}
 S - 3 scrolls of blinking {unknown}
 U - a scroll of magic mapping
Potions
 e - 3 potions of brilliance {unknown}
 i - 4 potions of mutation
 l - a potion of agility {unknown}
 s - 2 potions of flight {unknown}
 D - a potion of resistance {unknown}
 J - a potion of invisibility
 K - 2 potions of curing
Books
 P - a book of Geomancy

   Spells                             Type                      Level
   a - Sandblast                      Earth                        1
   b - Passwall                       Transmutation/Earth          2
   c - Stone Arrow                    Conjuration/Earth            3
   d - Petrify                        Transmutation/Earth          4
   e - Lee's Rapid Deconstruction     Earth                        5
Comestibles
 f - 7 bread rations
 p - 8 royal jellies
 w - 5 meat rations
 O - 13 fruits


   Skills:
 + Level 10.3 Fighting
 + Level 1.3 Maces & Flails
 + Level 16.0 Polearms
 + Level 2.2 Throwing
 + Level 4.3 Armour
 + Level 9.9 Dodging
 + Level 4.7 Stealth
 + Level 9.8 Shields
 * Level 9.3 Invocations


You had 12 spell levels left.
You didn't know any spells.

Dungeon Overview and Level Annotations

Branches:
Dungeon (10/15)            Temple (1/1) D:5            Lair (6/6) D:9
 Shoals (0/4) Lair:4        Snake (0/4) Lair:2          Orc (0/2) D:9
  Slime: Lair:5-6

Altars:
Ashenzari
Cheibriados
Dithmenos
Elyvilon
Fedhas
Gozag
Hepliaklqana
Kikubaaqudgha
Makhleb
Nemelex Xobeh
Okawaru
Qazlal
Ru
Sif Muna
Trog
Uskayaw
Vehumet
Xom
Yredelemnul
Zin
The Shining One
Beogh

Annotations:
D:5 Darkell's ghost, novice OgHu; Grinder
D:7 exclusion: ice statue
Lair:6 Beldrama's ghost, journeyman TrMo; Nessos


Innate Abilities, Weirdness & Mutations

You revert to your normal form in water.
You are very nimble and swift while swimming.
You are very stealthy in the water. (Stealth+)
You have a pair of small antennae on your head.
You are agile. (Dex +2)
Your natural rate of healing is unusually fast.


Message History

You block Beldrama's ghost's attack.
You fade into invisibility!
The entropy weaver is engulfed in freezing vapours.
You kill the entropy weaver!
Qazlal accepts your kill.
Your Polearms skill increases to level 16!
Beldrama's ghost closely misses you.
You are very lightly contaminated with residual magic.
Attack whom?
Press: ? - help, Dir - move target cursor, f - Beldrama's ghost
Aim: Beldrama's ghost (lightly damaged)
You strike the helpless Beldrama's ghost from behind!
You hit Beldrama's ghost but do no damage.
Beldrama's ghost is lightly damaged.
The black mamba is engulfed in freezing vapours.
The black mamba seems to slow down.
You miss Beldrama's ghost.
Beldrama's ghost is lightly damaged.
Beldrama's ghost hits you!!!
You die...

....._.....P##
....a.......P#
...l...(....##
...###.#....#
####...# #..##


#SSs# ##W## #.@# #### You could see a wolf spider, 2 black mambas and Beldrama's
ghost.

Vanquished Creatures
  An entropy weaver (Lair:6)
  3 hydras
  3 death yaks
  3 black mambas
  3 spiny frogs
  A komodo dragon (Lair:3)
  3 rime drakes
  2 polar bears
  2 hornets
  7 blink frogs
  A dream sheep (Lair:6)
  8 hippogriffs
  A redback (Lair:6)
  5 wyverns
  17 yaks
  3 basilisks
  A hungry ghost (D:8)
  2 soldier ants (Lair:6)
  4 nagas (Lair:2)
  9 water moccasins
  14 porcupines
  5 orc warriors
  2 ice beasts
  2 sky beasts (D:9)
  2 black bears
  7 necrophages
  4 ogres
  3 phantoms
  5 wolves (Lair:4)
  10 centaurs
  10 crocodiles
  Blork the orc (D:6)
  13 bullfrogs
  5 scorpions
  10 killer bees
  4 wights (D:8)
  2 electric eels (Lair:2)
  3 crimson imps
  A centaur zombie (D:5)
  A quasit (D:8)
  3 hounds
  Crazy Yiuf (D:2)
  2 centaur skeletons (D:7)
  A gnoll shaman (D:9)
  6 orc priests
  3 bullfrog skeletons
  12 worker ants
  3 iguanas
  9 orc wizards
  A hell rat (D:8)
  2 hound skeletons
  2 worker ant zombies (D:6)
  11 gnolls
  A howler monkey skeleton (D:6)
  9 adders
  3 river rats (D:9)
  A shadow imp (D:6)
  2 adder zombies
  2 worms
  3 dart slugs
  2 leopard geckos
  50 orcs
  4 bats
  A bat zombie (D:9)
  2 giant cockroaches
  6 goblins
  9 hobgoblins
  6 jackals (D:4)
  2 quokkas
  8 frilled lizards
  A jackal zombie (D:8)
  6 kobolds
  2 quokka skeletons (D:8)
  8 rats
  A rat zombie (D:9)
368 creatures vanquished.

Vanquished Creatures (others)
  A water moccasin (Lair:6)
  17 fungi
  16 plants
34 creatures vanquished.

Grand Total: 402 creatures vanquished

Notes
Turn   | Place    | Note
-------+----------+-------------------------------------------
     0 | D:1      | Darkell the Merfolk Gladiator began the quest for the Orb.
     0 | D:1      | Reached XP level 1. HP: 16/16 MP: 1/1
   106 | D:1      | Reached skill level 5 in Polearms
   106 | D:1      | Reached XP level 2. HP: 21/22 MP: 2/2
   321 | D:1      | Reached XP level 3. HP: 28/28 MP: 3/3
  1128 | D:2      | Found a runed door.
  1545 | D:2      | Reached skill level 1 in Stealth
  1578 | D:2      | Reached XP level 4. HP: 23/34 MP: 4/4
  2573 | D:3      | Reached XP level 5. HP: 39/39 MP: 5/5
  2773 | D:3      | Reached skill level 6 in Polearms
  2826 | D:3      | Reached skill level 5 in Dodging
  2970 | D:3      | Reached skill level 1 in Armour
  2982 | D:3      | Gained mutation: Your natural rate of healing is unusually fast. [potion of mutation]
  2982 | D:3      | Gained mutation: You have a pair of small antennae on your head. [potion of mutation]
  2982 | D:3      | Gained mutation: You are agile. (Dex +2) [potion of mutation]
  3534 | D:4      | Reached XP level 6. HP: 39/47 MP: 6/6
  3667 | D:4      | Reached skill level 7 in Polearms
  3729 | D:4      | Noticed a phantom
  3807 | D:4      | Killed a phantom
  3807 | D:4      | Reached skill level 1 in Shields
  3807 | D:4      | Reached XP level 7. HP: 48/52 MP: 7/7
  4114 | D:4      | Reached skill level 8 in Polearms
  4310 | D:5      | Entered Level 5 of the Dungeon
  4586 | D:5      | Found a burning altar of Makhleb.
  4586 | D:5      | Noticed Darkell's ghost (novice OgHu)
  4684 | D:5      | Noticed Grinder
  4888 | D:5      | Found a staircase to the Ecumenical Temple.
  4970 | Temple   | Entered the Ecumenical Temple
  5317 | Temple   | Became a worshipper of Qazlal Stormbringer
  5347 | D:5      | Found a radiant altar of Vehumet.
  5361 | D:5      | Reached skill level 9 in Polearms
  5361 | D:5      | Reached XP level 8. HP: 59/60 MP: 8/8
  5968 | D:6      | Reached skill level 10 in Polearms
  6205 | D:6      | Reached * piety under Qazlal
  6263 | D:6      | Found a glowing silver altar of Zin.
  6265 | D:6      | Noticed Blork the orc
  6284 | D:6      | Killed Blork the orc
  6405 | D:6      | Found a sacrificial altar of Ru.
  6583 | D:2      | Noticed Crazy Yiuf
  6591 | D:2      | Killed Crazy Yiuf
  6696 | D:5      | Reached skill level 5 in Fighting
  6696 | D:5      | Reached XP level 9. HP: 68/68 MP: 9/9
  6833 | D:6      | Reached skill level 11 in Polearms
  6900 | D:6      | Found a hazy altar of Hepliaklqana.
  7145 | D:6      | Found a snail-covered altar of Cheibriados.
  7256 | D:6      | Reached skill level 1 in Invocations
  7329 | D:7      | Found a shattered altar of Ashenzari.
  7614 | D:7      | Found a basalt altar of Yredelemnul.
  7616 | D:7      | Found a shadowy altar of Dithmenos.
  7839 | D:7      | Reached ** piety under Qazlal
  8075 | D:7      | Noticed an ice statue
  8423 | D:8      | Reached skill level 12 in Polearms
  8597 | D:8      | Reached XP level 10. HP: 36/77 MP: 12/12
  8665 | D:8      | Found a roughly hewn altar of Beogh.
  8904 | D:8      | Reached *** piety under Qazlal
  9088 | D:8      | Found a deep blue altar of Sif Muna.
  9162 | D:8      | Paralysed by a hornet for 2 turns
  9172 | D:8      | Reached skill level 13 in Polearms
  9172 | D:8      | Reached skill level 5 in Shields
  9561 | D:9      | Found a staircase to the Orcish Mines.
  9832 | D:9      | Noticed a death yak
  9838 | D:9      | Noticed a death yak
  9956 | D:9      | Found a staircase to the Lair.
  9959 | D:9      | Noticed a death yak
  9996 | D:9      | HP: 2/77 [death yak (24)]
 10107 | D:9      | Killed a death yak
 10107 | D:9      | Reached skill level 5 in Invocations
 10373 | D:8      | Killed a death yak
 10507 | D:8      | Killed a death yak
 10507 | D:8      | Reached skill level 14 in Polearms
 10507 | D:8      | Reached XP level 11. HP: 7/84 MP: 15/15
 10746 | D:9      | Found an iron altar of Okawaru.
 10889 | D:9      | Found an ancient bone altar of Kikubaaqudgha.
 10923 | D:10     | Entered Level 10 of the Dungeon
 10940 | Lair:1   | Entered Level 1 of the Lair of Beasts
 10942 | Lair:1   | Noticed a four-headed hydra
 10969 | Lair:1   | Killed a four-headed hydra
 11891 | Lair:2   | Reached **** piety under Qazlal
 11909 | Lair:2   | Found a staircase to the Snake Pit.
 12080 | Lair:2   | Reached skill level 15 in Polearms
 12334 | Lair:2   | Reached XP level 12. HP: 75/94 MP: 17/17
 12836 | Lair:3   | Got a dazzling whip
 12837 | Lair:3   | Identified the +7 whip "Ultimatum" {slash, *Rage rElec rPois rC++} (You found it on level 3 of the Lair of Beasts)
 13050 | Lair:3   | Reached skill level 1 in Maces & Flails
 13707 | Lair:4   | Found a staircase to the Shoals.
 14642 | Lair:5   | Noticed an eight-headed hydra
 14705 | Lair:5   | Killed an eight-headed hydra
 14711 | Lair:5   | Reached skill level 10 in Fighting
 14965 | Lair:5   | Reached XP level 13. HP: 102/102 MP: 19/19
 14979 | Lair:5   | Reached ***** piety under Qazlal
 15358 | Lair:6   | Entered Level 6 of the Lair of Beasts
 15389 | Lair:6   | Noticed Nessos
 15393 | Lair:6   | Found a blossoming altar of Fedhas.
 15478 | Lair:6   | Noticed an entropy weaver
 15515 | Lair:6   | Noticed Beldrama's ghost (journeyman TrMo)
 15535 | Lair:6   | Killed an entropy weaver
 15535 | Lair:6   | Reached skill level 16 in Polearms
 15537 | Lair:6   | Demolished by Beldrama's ghost

Skill      XL: |  1  2  3  4  5  6  7  8  9 10 11 12 13 |
---------------+----------------------------------------+-----
Polearms       | 5 6 7 9 10 12 14 15 16 | 16.0
Stealth        | 1 2 4 |  4.7
Dodging        | 5 6 7 8 9 |  9.9
Armour         | 1 2 3 4 |  4.3
Fighting       | 3 5 6 7 8 10 | 10.3
Shields        | 1 2 3 4 6 7 9 |  9.8
Invocations    | 3 5 7 8 9 |  9.3
Maces & Flails | 1 |  1.3
Throwing       | |  2.2

Action                   |  1- 3 |  4- 6 |  7- 9 | 10-12 | 13-15 || total
-------------------------+-------+-------+-------+-------+-------++-------
Melee: Trident           |   109 |   284 |   696 |  1004 |    80 ||  2173
       Tailslap          |       |       |       |    11 |       ||    11
       Whip              |       |       |       |    16 |       ||    16
Invok: Upheaval          |       |       |       |     6 |     2 ||     8
  Use: Scroll            |     2 |     3 |     5 |       |     4 ||    14
       Potion            |       |     3 |     6 |     2 |     1 ||    12
 Stab: Sleeping          |     3 |     4 |     4 |       |       ||    11
       Distracted        |       |       |     1 |       |       ||     1
       Invisible         |       |       |       |       |     1 ||     1
  Eat: Chunk             |     2 |     7 |    11 |    19 |     1 ||    40
       Meat ration       |       |       |     1 |       |       ||     1
       Fruit             |       |       |     1 |     4 |       ||     5
Armor: Leather armour    |    16 |    33 |    65 |    54 |     6 ||   174
       Skin              |       |       |     7 |       |       ||     7
Dodge: Dodged            |    46 |   139 |   210 |   348 |    31 ||   774
       Deflected         |       |       |       |     8 |       ||     8
Block: Buckler           |       |    60 |   186 |   409 |    56 ||   711
